[Event "Titled Tuesday Blitz May 10 Early 2022"]
[White "Kwon, Sehyun"]
[Black "Jaskolka, Tomasz"]
[WhiteFideId "13203088"]
[BlackFideId "1170791"]
[WhiteElo "1778"]
[BlackElo "2073"]
[Result "0-1"]
[Round "10"]
[TimeControl "180+1"]
[Date "2022.05.11"]
[WhiteClock "0:00:02"]
[BlackClock "0:00:12"]

1. Nf3 d5 2. b3 Bg4 3. Bb2 Bxf3 4. exf3 e6 5. d4 Nf6 6. Nd2 c5 7. Bb5+ Nc6 8. dxc5 Bxc5 9. O-O O-O 10. f4 a6 11. Bd3 Rc8 12. a3 Bd4 13. Bxd4 Nxd4 14. Nf3 Nxf3+ 15. Qxf3 g6 16. Rfe1 Qc7 17. Re5 Qc3 18. Rae1 Ne4 19. Qe2 Nc5 20. Re3 Nxd3 21. Rxd3 Qxc2 22. Qe3 Qb2 23. h4 Rc2 24. h5 Rfc8 25. h6 Rc1 26. Kh2 Rxe1 27. Qxe1 Qf6 28. g3 g5 29. fxg5 Qxg5 30. Rd4 Qxh6+ 31. Rh4 Qg6 32. Qe2 f5 33. Rb4 b5 34. a4 bxa4 35. bxa4 a5 36. Rb7 f4 37. gxf4 Qh6+ 38. Kg2 Qg6+ 39. Kh2 Qf5 40. Qf3 Rf8 41. Qg3+ Qg6 42. Ra7 Rd8 43. Qh4 Rf8 44. Rxa5 Rf5 45. Ra8+ Kg7 46. Ra7+ Kg8 47. Qd8+ Rf8 48. Qg5 Qxg5 49. fxg5 Rxf2+ 50. Kh3 Ra2 51. Kg4 d4 52. Kf4 d3 53. Ke3 d2 54. Ke2 Kf8 55. Rxh7 Rxa4 56. Kxd2 Rg4 57. Rh5 Kf7 58. Ke3 Kg6 59. Rh6+ Kf5 60. Kf3 Rxg5 61. Rxe6 Kxe6 0-1


[Site "https://www.chess.com"]

[Event "Titled Tuesday Blitz May 10 Early 2022"]
[White "Lauridsen, Jesper Morch"]
[Black "Clawitter, Craig"]
[WhiteFideId "1401890"]
[BlackFideId "2023105"]
[WhiteElo "2198"]
[BlackElo "2259"]
[Result "0-1"]
[Round "10"]
[TimeControl "180+1"]
[Date "2022.05.11"]
[WhiteClock "0:00:03"]
[BlackClock "0:00:11"]

1. e4 e6 2. d4 d5 3. Nc3 Bb4 4. Qd3 Ne7 5. Bg5 dxe4 6. Qxe4 Qd5 7. Qg4 e5 8. Qg3 exd4 9. Bxe7 dxc3 10. bxc3 Bxe7 11. Qxg7 Qe6+ 12. Be2 Bf6 13. Qg3 Qe5 14. O-O-O Qxg3 15. hxg3 Bxc3 16. Nf3 Bf5 17. Rd5 Bg6 18. Ne5 Bxe5 19. Rxe5+ Kf8 20. f4 Nc6 21. Re3 Re8 22. Rxe8+ Kxe8 23. g4 Be4 24. Re1 Kd7 25. g3 Re8 26. g5 Nd4 27. Rd1 c5 28. c3 Bd5 29. Bb5+ Nxb5 30. Rxd5+ Kc6 31. Rf5 Re7 32. Rf6+ Nd6 33. Rh6 Re3 34. Rxh7 Rxc3+ 35. Kb2 Rxg3 36. Rg7 Rg4 37. f5 Nxf5 38. Rxf7 Rxg5 39. Rf6+ Kb5 40. a4+ Kxa4 41. Kc3 Kb5 42. Rf8 b6 43. Rh8 Nd4 44. Kb2 Rg2+ 45. Ka3 Rg3+ 46. Ka2 a5 47. Rh2 a4 48. Rb2+ Rb3 49. Rd2 Kc4 50. Rh2 b5 51. Rh4 b4 52. Rh5 a3 53. Rh4 Rb2+ 54. Ka1 Kc3 55. Rxd4 Ra2+ 56. Kxa2 Kxd4 0-1


[Site "https://www.chess.com"]

[Event "Titled Tuesday Blitz May 10 Early 2022"]
[White "Lazavik, Denis"]
[Black "Xiong, Jeffery"]
[WhiteFideId "13515110"]
[BlackFideId "2047640"]
[WhiteElo "2437"]
[BlackElo "2727"]
[Result "0-1"]
[Round "10"]
[TimeControl "180+1"]
[Date "2022.05.10"]
[WhiteClock "0:00:05"]
[BlackClock "0:00:46"]

1. d4 d5 2. c4 e6 3. Nf3 dxc4 4. e3 a6 5. Bxc4 Nf6 6. O-O b5 7. Bd3 Bb7 8. a4 b4 9. b3 Nbd7 10. Bb2 Be7 11. Nbd2 O-O 12. Qe2 c5 13. Rfd1 Nd5 14. Rac1 cxd4 15. Nxd4 Nc5 16. Bb1 Rc8 17. N2f3 Qa5 18. Ne5 Bf6 19. Nc4 Qc7 20. Nd2 Qe7 21. Ne4 Nxe4 22. Bxe4 Nc3 23. Bxc3 bxc3 24. Bb1 Qb4 25. Qc2 g6 26. Ne2 Bd5 27. Rxd5 exd5 28. Nf4 Rfd8 29. Nd3 Qe7 30. b4 d4 31. e4 Qxe4 32. Ba2 Re8 33. g3 Qe2 34. Qb3 Rc7 35. Nf4 Qd2 36. Rd1 Re1+ 37. Rxe1 Qxe1+ 38. Kg2 c2 39. Nd5 c1=Q 40. Nxf6+ Kg7 0-1


[Site "https://www.chess.com"]

[Event "Titled Tuesday Blitz May 10 Early 2022"]
[White "Le Ruyet, Leopold"]
[Black "Agasarov, Benik"]
[WhiteFideId "645923"]
[BlackFideId "13314823"]
[WhiteElo "2276"]
[BlackElo "2563"]
[Result "1-0"]
[Round "10"]
[TimeControl "180+1"]
[Date "2022.05.11"]
[WhiteClock "0:00:01"]
[BlackClock "0:01:26"]

1. c4 e5 2. Nc3 Bb4 3. Qc2 Nf6 4. Nf3 Nc6 5. Nd5 a5 6. a3 Be7 7. e3 O-O 8. Bd3 h6 9. g4 Nxg4 10. Rg1 d6 11. b3 Nf6 12. Bb2 Be6 13. Nxe7+ Qxe7 14. O-O-O a4 15. b4 Kh8 16. Nh4 Ng4 17. Nf5 Bxf5 18. Bxf5 Nf6 19. d4 g6 20. Bh3 exd4 21. exd4 Kh7 22. Rde1 Qd8 23. d5 Ne5 24. f4 Nf3 25. Re6 fxe6 26. Qxg6+ Kh8 27. Qg7# 1-0


[Site "https://www.chess.com"]

[Event "Titled Tuesday Blitz May 10 Early 2022"]
[White "Legenia, Artem"]
[Black "Migot, Tangi"]
[WhiteFideId "14136945"]
[BlackFideId "662445"]
[WhiteElo "1936"]
[BlackElo "2495"]
[Result "1-0"]
[Round "10"]
[TimeControl "180+1"]
[Date "2022.05.11"]
[WhiteClock "0:01:06"]
[BlackClock "0:00:29"]

1. d4 Nf6 2. Nf3 g6 3. Bf4 Bg7 4. e3 O-O 5. h3 d6 6. c3 c5 7. Be2 Be6 8. O-O Qb6 9. Qc1 Nc6 10. Nbd2 Rfc8 11. Ng5 Bd7 12. Ngf3 cxd4 13. Nc4 Qa6 14. Re1 b5 15. Na3 dxc3 16. bxc3 Na5 17. Nd4 e5 18. Ndxb5 exf4 19. Nc7 Qxe2 20. Rxe2 Rxc7 21. exf4 Be6 22. Rb1 Rac8 23. Nb5 Rc6 24. Nxa7 Rxc3 25. Nxc8 Rxc8 26. Qxc8+ Bxc8 27. Rb8 Bf8 28. Rxc8 Kg7 29. Ra8 Nc4 30. a4 d5 31. Rc2 Nb6 32. Ra6 Nfd7 33. a5 Nc4 34. Ra8 Bb4 35. a6 Ndb6 36. Rb8 Bd6 37. Rxb6 Nxb6 38. Rc6 Nc4 39. a7 1-0


[Site "https://www.chess.com"]

[Event "Titled Tuesday Blitz May 10 Early 2022"]
[White "Maevsky, Nikolay"]
[Black "Devaev, Alexander"]
[WhiteFideId "4198220"]
[BlackFideId "4169395"]
[WhiteElo "2149"]
[BlackElo "2185"]
[Result "1-0"]
[Round "10"]
[TimeControl "180+1"]
[Date "2022.05.11"]
[WhiteClock "0:00:10"]
[BlackClock "0:00:03"]

1. d4 Nf6 2. Nf3 e6 3. e3 c5 4. Bd3 b6 5. O-O Bb7 6. c4 d6 7. Nc3 Be7 8. d5 e5 9. e4 O-O 10. a3 Nbd7 11. b4 a6 12. Rb1 Bc8 13. Bd2 Nh5 14. g3 g6 15. Ne1 Bg5 16. f4 Bh6 17. f5 Bxd2 18. Qxd2 Nhf6 19. Ng2 Kg7 20. Ne3 h5 21. Ng2 Rh8 22. h4 Ng4 23. Be2 Nh6 24. Qg5 Nf6 25. bxc5 bxc5 26. Rb3 Nh7 27. Qxd8 Rxd8 28. Ne3 Nf6 29. Rb6 Ra7 30. a4 Rb7 31. a5 Rdd7 32. Rfb1 Rbc7 33. Bf3 Rd8 34. fxg6 fxg6 35. Rc6 Rb7 36. Rbb6 1-0


[Site "https://www.chess.com"]

[Event "Titled Tuesday Blitz May 10 Early 2022"]
[White "Maksimenko, Viktor"]
[Black "Czerw, Dawid"]
[WhiteFideId "13710478"]
[BlackFideId "1145746"]
[WhiteElo "2269"]
[BlackElo "2125"]
[Result "0-1"]
[Round "10"]
[TimeControl "180+1"]
[Date "2022.05.11"]
[WhiteClock "0:00:02"]
[BlackClock "0:00:02"]

1. d4 Nf6 2. c4 c5 3. d5 b5 4. cxb5 a6 5. bxa6 e6 6. Nc3 exd5 7. Nxd5 Nxa6 8. Bg5 Bb7 9. Bxf6 gxf6 10. e3 Qa5+ 11. Nc3 Rg8 12. Nh3 O-O-O 13. Nf4 d5 14. Qa4 Qxa4 15. Nxa4 Nb4 16. O-O-O Nxa2+ 17. Kb1 Nb4 18. Nxc5 Bxc5 19. Rc1 d4 20. Rxc5+ Kb8 21. Rb5 Nc6 22. Be2 dxe3 23. Bf3 Rd6 24. Rc1 exf2 25. Nh3 f1=Q 26. Rxf1 Kc7 27. Rc1 Re8 28. Nf4 Re5 29. Rb3 Ba8 30. Nh5 Kd7 31. Ra3 Bb7 32. Ng3 Rb5 33. Ne4 Re6 34. Nc5+ Rxc5 35. Rxc5 Re1+ 36. Rc1 Re5 37. Rd3+ Kc7 38. Bxc6 Bxc6 39. Rdc3 Re6 40. b4 Kb6 41. Kb2 Bxg2 42. Ka3 Be4 43. Rc8 f5 44. Rb8+ Ka7 45. Rf8 Re7 46. Rc4 Kb6 47. Rb8+ Bb7 0-1


[Site "https://www.chess.com"]

[Event "Titled Tuesday Blitz May 10 Early 2022"]
[White "Manukian, Artak"]
[Black "Vifleemskaia, Svetlana"]
[WhiteFideId "13301373"]
[BlackFideId "4129490"]
[WhiteElo "2408"]
[BlackElo "1929"]
[Result "0-1"]
[Round "10"]
[TimeControl "180+1"]
[Date "2022.05.11"]
[WhiteClock "0:00:04"]
[BlackClock "0:00:13"]

1. e4 e5 2. Nf3 Nc6 3. d4 exd4 4. Nxd4 Bc5 5. Nxc6 Qf6 6. Qf3 bxc6 7. Bc4 d6 8. Nc3 Be6 9. Bxe6 fxe6 10. Qg3 e5 11. O-O Ne7 12. Be3 Bb6 13. a4 O-O 14. Bg5 Qe6 15. Bxe7 Qxe7 16. a5 Bc5 17. Na4 Bb4 18. Qb3+ d5 19. exd5 cxd5 20. c3 Bd6 21. Qxd5+ Kh8 22. b4 e4 23. Rae1 Rae8 24. g3 Rf3 25. Re2 h6 26. Kg2 Rf6 27. Rfe1 Re6 28. Nb2 Qf7 29. Re3 h5 30. Nc4 h4 31. Nxd6 cxd6 32. Rxe4 h3+ 33. Kf1 Rxe4 34. Qxe4 Rxe4 35. Rxe4 Qf5 36. Re3 Qb1+ 37. Ke2 Qg1 38. g4 Qxh2 39. Rg3 Qxg3 0-1


[Site "https://www.chess.com"]

[Event "Titled Tuesday Blitz May 10 Early 2022"]
[White "Marin Ramirez, Gerardo"]
[Black "Broca Jimenez, Fernando"]
[WhiteFideId "3901068"]
[BlackFideId "5104742"]
[WhiteElo "1920"]
[BlackElo "2062"]
[Result "1-0"]
[Round "10"]
[TimeControl "180+1"]
[Date "2022.05.11"]
[WhiteClock "0:00:07"]
[BlackClock "0:00:11"]

1. d4 Nf6 2. Nf3 g6 3. c4 Bg7 4. Nc3 d6 5. e4 O-O 6. Be2 e5 7. d5 a5 8. Bg5 Na6 9. Nd2 h6 10. Be3 c5 11. Nb5 Qe7 12. a3 Bd7 13. Qc2 Ng4 14. Bxg4 Bxg4 15. O-O Nc7 16. b4 Nxb5 17. cxb5 cxb4 18. axb4 axb4 19. Qc4 f5 20. f3 f4 21. Bb6 Bd7 22. Qxb4 Rfc8 23. Rxa8 Rxa8 24. Bc7 Bf8 25. Nc4 Qf6 26. Bxd6 Bxb5 27. Bxf8 Bxc4 28. Be7 Qa6 29. Rc1 b5 30. d6 Qb6+ 31. Kh1 Kf7 32. h4 Qc6 33. Qb2 Ra7 34. Qxe5 Ra2 35. Qf6+ Ke8 36. Qf8+ Kd7 37. Qd8+ Ke6 38. Qg8+ Kd7 39. Qxg6 Qd5 40. exd5 1-0


[Site "https://www.chess.com"]

[Event "Titled Tuesday Blitz May 10 Early 2022"]
[White "Martin Carmona, Gaston Manuel"]
[Black "Skliarov, Viktor"]
[WhiteFideId "22284567"]
[BlackFideId "14106736"]
[WhiteElo "2162"]
[BlackElo "2229"]
[Result "1-0"]
[Round "10"]
[TimeControl "180+1"]
[Date "2022.05.11"]
[WhiteClock "0:00:14"]
[BlackClock "0:00:01"]

1. e4 c5 2. Nf3 Nc6 3. d4 cxd4 4. Nxd4 Nf6 5. Nc3 e5 6. Ndb5 d6 7. Bg5 a6 8. Na3 b5 9. Nd5 Be7 10. Bxf6 Bxf6 11. c4 b4 12. Nc2 a5 13. g3 Bg5 14. Bg2 O-O 15. O-O Be6 16. Qd3 Bxd5 17. Qxd5 Qb6 18. h4 Bh6 19. b3 Ne7 20. Qd3 a4 21. Bh3 Qc5 22. Rfd1 Rfd8 23. Kg2 Ra6 24. Qe2 Rda8 25. Bd7 axb3 26. axb3 Rxa1 27. Nxa1 Ra7 28. Ba4 g6 29. Nc2 f5 30. h5 f4 31. hxg6 Nxg6 32. Rd5 Qc8 33. Rxd6 fxg3 34. fxg3 Rg7 35. Kh2 Nf4 36. Qf1 Bg5 37. Ne3 Qc5 38. Nf5 Rg6 39. Rd1 Ne6 40. Qg1 Nd4 41. Qf2 1-0


[Site "https://www.chess.com"]

[Event "Titled Tuesday Blitz May 10 Early 2022"]
[White "Martin, Lewis"]
[Black "Tuleyeva-Aketayeva, Dana"]
[WhiteFideId "410551"]
[BlackFideId "13701932"]
[WhiteElo "2145"]
[BlackElo "1875"]
[Result "1-0"]
[Round "10"]
[TimeControl "180+1"]
[Date "2022.05.11"]
[WhiteClock "0:01:49"]
[BlackClock "0:00:04"]

1. e4 c5 2. Nf3 Nc6 3. d4 cxd4 4. Nxd4 g6 5. Nc3 Bg7 6. Be3 Nf6 7. Be2 O-O 8. Nb3 d6 9. O-O Na5 10. Nxa5 Qxa5 11. f4 Qb4 12. Qd4 Qxb2 13. Rab1 Qa3 14. Nb5 Qa5 15. Qb4 Qxb4 16. Rxb4 a5 17. Ra4 Bd7 18. Rb1 Rfc8 19. Bd3 Ng4 20. Bd2 Bd4+ 21. Rxd4 Bxb5 22. Rxb5 e5 23. fxe5 dxe5 24. Rd7 Nf6 25. Rdxb7 Rd8 26. Bg5 Kg7 27. R5b6 Nxe4 28. Bxd8 Rxd8 29. Bxe4 Rd1+ 30. Kf2 Rd2+ 31. Ke3 1-0


[Site "https://www.chess.com"]

[Event "Titled Tuesday Blitz May 10 Early 2022"]
[White "Matinian, Nikita"]
[Black "Reprintsev, Alexander"]
[WhiteFideId "24129100"]
[BlackFideId "14100541"]
[WhiteElo "2422"]
[BlackElo "2108"]
[Result "1-0"]
[Round "10"]
[TimeControl "180+1"]
[Date "2022.05.11"]
[WhiteClock "0:00:30"]
[BlackClock "0:00:09"]

1. e4 d5 2. exd5 Qxd5 3. Nc3 Qa5 4. Nf3 Nf6 5. Bc4 Nc6 6. O-O Bg4 7. h3 h5 8. b4 Qf5 9. Bd3 Bxf3 10. Bxf5 Bxd1 11. Rxd1 e6 12. Be4 Nxe4 13. Nxe4 Nxb4 14. Rb1 O-O-O 15. Ng5 Rd7 16. c3 Nd3 17. a4 Bc5 18. Ne4 Be7 19. Kf1 f5 20. Ng3 h4 21. Ne2 Bg5 22. Ba3 e5 23. Ng1 e4 24. Ne2 Bf6 25. a5 a6 26. c4 g6 27. Nc1 Rhd8 28. Nb3 g5 29. Ke2 Nf4+ 30. Kf1 Rd3 31. Bc5 Bc3 32. Be3 Be5 33. Nc5 Ra3 34. Nxb7 Rdd3 35. Nc5 Rd6 36. Nb3 Ne6 37. Ba7 Nd4 38. Nc5 Rxa5 39. Rb8# 1-0


[Site "https://www.chess.com"]

[Event "Titled Tuesday Blitz May 10 Early 2022"]
[White "Maximov, Dmitry"]
[Black "Karolczuk, Iwo"]
[WhiteFideId "14105659"]
[BlackFideId "21816972"]
[WhiteElo "2494"]
[BlackElo "2258"]
[Result "1-0"]
[Round "10"]
[TimeControl "180+1"]
[Date "2022.05.10"]
[WhiteClock "0:00:24"]
[BlackClock "0:00:08"]

1. e4 c5 2. Nf3 d6 3. c3 Nf6 4. Bc4 e6 5. Bd3 g6 6. Bc2 Bg7 7. d4 cxd4 8. cxd4 O-O 9. Nc3 Nc6 10. O-O e5 11. h3 h6 12. Re1 Re8 13. Be3 exd4 14. Nxd4 Ne5 15. Bb3 Ned7 16. f3 Nc5 17. Bc2 a6 18. Qd2 Kh7 19. Rad1 Nh5 20. Qf2 Ne6 21. Nde2 b5 22. g4 Nf6 23. e5 Nd7 24. exd6 Bb7 25. Ng3 Rc8 26. Be4 Bxe4 27. Ncxe4 Ne5 28. d7 Nxd7 29. Nd6 Qc7 30. Nxe8 Rxe8 31. f4 Nf6 32. f5 Ng5 33. fxg6+ fxg6 34. Bxg5 Rxe1+ 35. Rxe1 hxg5 36. Qf3 Nd5 37. Kh2 Nf4 38. Rf1 Bd4 39. Kh1 Bxb2 40. Ne4 Kh6 41. h4 Be5 42. Nxg5 Qc2 43. Nf7+ Kg7 44. Nxe5 1-0


[Site "https://www.chess.com"]

[Event "Titled Tuesday Blitz May 10 Early 2022"]
[White "Melian, Juan Sebastian"]
[Black "Bach, Ngoc Thuy Duong"]
[WhiteFideId "3706575"]
[BlackFideId "12408956"]
[WhiteElo "1851"]
[BlackElo "1862"]
[Result "0-1"]
[Round "10"]
[TimeControl "180+1"]
[Date "2022.05.11"]
[WhiteClock "0:00:05"]
[BlackClock "0:00:06"]

1. e4 c5 2. Nf3 d6 3. Bb5+ Nc6 4. c3 Bd7 5. d4 a6 6. Ba4 b5 7. Bb3 c4 8. Bc2 e5 9. O-O Nf6 10. d5 Ne7 11. Ne1 Ng6 12. f4 Bg4 13. Nf3 exf4 14. h3 Bh5 15. Qe1 Be7 16. Nd4 O-O 17. Bxf4 Nxf4 18. Rxf4 Bg6 19. Nd2 Nh5 20. Rf1 Bh4 21. Qe3 Re8 22. Nc6 Qg5 23. Qxg5 Bxg5 24. Nf3 Be3+ 25. Kh2 Bf4+ 26. Kg1 Ng3 27. Rfe1 Nxe4 28. a4 Kf8 29. axb5 axb5 30. Rxa8 Rxa8 31. Bxe4 Bg3 32. Bxg6 Bxe1 33. Nxe1 hxg6 34. Kf2 Ra2 35. Nc2 Rxb2 36. Nd4 Ke7 37. Ke3 Kf6 38. Kd2 Ke5 39. Kc1 Ra2 40. Kb1 Ra8 41. Nxb5 Rb8 42. Nd4 Kxd5 43. Kc2 Kc5 44. Nc7 Rb7 45. Na6+ Kd5 46. Nb4+ Rxb4 47. cxb4 Kxd4 48. g4 g5 49. Kd2 c3+ 50. Kc2 Kc4 51. b5 Kxb5 52. h4 gxh4 0-1


[Site "https://www.chess.com"]

[Event "Titled Tuesday Blitz May 10 Early 2022"]
[White "Melikhov, Evgeny V."]
[Black "Mammadzada, Gunay"]
[WhiteFideId "4122046"]
[BlackFideId "13403729"]
[WhiteElo "1931"]
[BlackElo "2242"]
[Result "0-1"]
[Round "10"]
[TimeControl "180+1"]
[Date "2022.05.11"]
[WhiteClock "0:00:01"]
[BlackClock "0:00:04"]

1. d4 Nf6 2. c4 c6 3. Nc3 d5 4. e3 g6 5. Nf3 Bg7 6. Be2 O-O 7. O-O Bg4 8. cxd5 cxd5 9. h3 Bxf3 10. Bxf3 e6 11. Bd2 Nc6 12. Rc1 Rc8 13. Qa4 Nd7 14. Be2 a6 15. b4 Nb6 16. Qb3 Nc4 17. Rfd1 Qg5 18. Be1 b5 19. a4 Rb8 20. axb5 axb5 21. Ra1 Rfc8 22. Ra6 Qe7 23. Rb1 h5 24. g3 Qg5 25. h4 Qf6 26. Kg2 g5 27. hxg5 Qxg5 28. Bxc4 bxc4 29. Qa4 Ne7 30. b5 h4 31. b6 hxg3 32. fxg3 Nf5 33. Nd1 c3 34. b7 Rd8 35. Ra8 c2 36. Qxc2 Rxa8 37. bxa8=Q Rxa8 38. Qc7 Qg4 39. Rb8+ Rxb8 40. Qxb8+ Kh7 41. Nc3 Nxe3+ 42. Kf2 Bxd4 0-1


[Site "https://www.chess.com"]

[Event "Titled Tuesday Blitz May 10 Early 2022"]
[White "Mikhalsky, Vladimir"]
[Black "Dang, Hoang Son"]
[WhiteFideId "14144352"]
[BlackFideId "12402435"]
[WhiteElo "2301"]
[BlackElo "2252"]
[Result "0-1"]
[Round "10"]
[TimeControl "180+1"]
[Date "2022.05.11"]
[WhiteClock "0:00:38"]
[BlackClock "0:01:24"]

1. d4 Nf6 2. c4 g6 3. f3 Bg7 4. e4 O-O 5. Nc3 d6 6. Be3 c5 7. Nge2 Nc6 8. d5 Ne5 9. Nc1 e6 10. Qd2 exd5 11. cxd5 a6 12. a4 Bd7 13. h3 b5 14. axb5 axb5 15. Rxa8 Qxa8 16. Nxb5 Rb8 17. Nxd6 Qa1 18. b3 Rxb3 19. Be2 Rb2 20. Qd1 Ba4 21. Nb3 Qxd1+ 22. Bxd1 Nd3+ 23. Kf1 Bxb3 24. Bxb3 Rxb3 25. Ke2 Nh5 26. Rd1 Ndf4+ 27. Bxf4 Nxf4+ 28. Kf2 Rb2+ 29. Kg3 Be5 30. Nc4 Rxg2+ 31. Kh4 g5# 0-1


[Site "https://www.chess.com"]

[Event "Titled Tuesday Blitz May 10 Early 2022"]
[White "Miszler, Levente"]
[Black "Piliczewski, Bogusz"]
[WhiteFideId "763276"]
[BlackFideId "1104144"]
[WhiteElo "1966"]
[BlackElo "1896"]
[Result "1-0"]
[Round "10"]
[TimeControl "180+1"]
[Date "2022.05.11"]
[WhiteClock "0:00:19"]
[BlackClock "0:00:04"]

1. Nf3 d5 2. c4 Nf6 3. e3 c6 4. b3 Bg4 5. Bb2 e6 6. h3 Bh5 7. g4 Bg6 8. Ne5 Be4 9. f3 Bxb1 10. Rxb1 Nfd7 11. Bg2 Qh4+ 12. Kf1 Bd6 13. f4 O-O 14. Nf3 Qe7 15. h4 f5 16. g5 dxc4 17. bxc4 e5 18. c5 Bxc5 19. Nxe5 Na6 20. Qb3+ Kh8 21. Qxb7 Nxe5 22. Qxe7 Bxe7 23. Bxe5 Nb4 24. h5 Nd3 25. Bc3 Rac8 26. h6 Rf7 27. hxg7+ Rxg7 28. Bxc6 Bc5 29. Bd5 Bb6 30. Bf6 Rc1+ 31. Rxc1 Nxc1 32. g6 1-0


[Site "https://www.chess.com"]

[Event "Titled Tuesday Blitz May 10 Early 2022"]
[White "Molina, Roberto Junio Brito"]
[Black "Babazada, Khazar"]
[WhiteFideId "2109450"]
[BlackFideId "13413554"]
[WhiteElo "2432"]
[BlackElo "2406"]
[Result "1-0"]
[Round "10"]
[TimeControl "180+1"]
[Date "2022.05.10"]
[WhiteClock "0:00:19"]
[BlackClock "0:00:36"]

1. d4 Nf6 2. c4 g6 3. Nc3 Bg7 4. e4 d6 5. f3 O-O 6. Be3 e5 7. d5 a5 8. Qd2 Na6 9. Bd3 Nc5 10. Bc2 c6 11. Nge2 cxd5 12. cxd5 Bd7 13. a4 Ne8 14. O-O f5 15. exf5 gxf5 16. f4 Qb6 17. fxe5 dxe5 18. Kh1 Nd6 19. b3 Rae8 20. Rae1 Qb4 21. Bh6 f4 22. Bxg7 Kxg7 23. Qd1 Rf6 24. Qa1 Bf5 25. Bxf5 Rxf5 26. Nc1 Kg8 27. Re2 e4 28. Qb2 Qd4 29. Rd1 Qf6 30. Qd2 Rh5 31. Qd4 Qh6 32. h3 Nf5 33. Qxc5 Ng3+ 34. Kg1 Nxe2+ 35. N1xe2 f3 36. Ng3 Rg5 37. Ncxe4 Rxe4 38. Qc8+ Kg7 39. Nxe4 Rxg2+ 40. Kf1 Qe3 41. Qc3+ Qxc3 42. Nxc3 Rh2 43. Rd3 1-0


[Site "https://www.chess.com"]

[Event "Titled Tuesday Blitz May 10 Early 2022"]
[White "Morefield, Jason"]
[Black "Vusatiuk, Vladimir"]
[WhiteFideId "30920825"]
[BlackFideId "14118610"]
[WhiteElo "2171"]
[BlackElo "2157"]
[Result "1-0"]
[Round "10"]
[TimeControl "180+1"]
[Date "2022.05.11"]
[WhiteClock "0:00:20"]
[BlackClock "0:00:17"]

1. e4 f5 2. exf5 Kf7 3. Nf3 Nf6 4. d4 d5 5. Bd3 c5 6. dxc5 Nc6 7. O-O Nb4 8. Bf4 Qa5 9. Nc3 Qxc5 10. Re1 Kg8 11. Qd2 Bd7 12. Rad1 Rd8 13. Be5 Qc8 14. Nd4 Nc6 15. Bxf6 exf6 16. Ne6 Re8 17. Nxd5 Ne5 18. Be4 Bxe6 19. fxe6 Bc5 20. b4 Bb6 21. e7 Kf7 22. Nxb6 axb6 23. Bd5+ Kg6 24. f4 Ng4 25. Be6 Qc7 26. Qd3+ Kh6 27. Qh3+ Kg6 28. Qxg4+ Kh6 29. Qh4+ Kg6 30. f5# 1-0


[Site "https://www.chess.com"]

[Event "Titled Tuesday Blitz May 10 Early 2022"]
[White "Nilsen, Tobias Lang"]
[Black "Omelja, Artem"]
[WhiteFideId "1521624"]
[BlackFideId "14119846"]
[WhiteElo "2014"]
[BlackElo "2382"]
[Result "1-0"]
[Round "10"]
[TimeControl "180+1"]
[Date "2022.05.11"]
[WhiteClock "0:00:06"]
[BlackClock "0:00:07"]

1. f4 d5 2. Nf3 c5 3. g3 Nc6 4. Bg2 Nf6 5. d3 b6 6. O-O Bb7 7. Nc3 e6 8. e4 dxe4 9. dxe4 Qc7 10. e5 Rd8 11. Qe1 Nd5 12. a3 Be7 13. Bd2 O-O 14. Ne4 Nd4 15. Rc1 b5 16. Ba5 Nb6 17. Nfd2 Rd7 18. Qd1 Nf5 19. Qe2 Qc8 20. Nf3 c4 21. g4 Bc5+ 22. Nxc5 Qxc5+ 23. Kh1 Ne3 24. Bb4 Bxf3 25. Rxf3 Qd4 26. Qxe3 Qxb2 27. Rff1 Nd5 28. Bxd5 Rxd5 29. Qc3 Qxc3 30. Bxc3 Rfd8 31. Rb1 a6 32. Rb4 Rd1 33. Kg2 Rxf1 34. Kxf1 Rd1+ 35. Kg2 Rc1 36. Rb2 g6 37. h4 Rd1 38. Bb4 Kg7 39. Be7 Rd4 40. Bf6+ Kh6 41. c3 Rd3 42. Rf2 Rxc3 43. Rf3 Rc2+ 44. Kg3 Ra2 45. Re3 Rd2 46. Rf3 Rc2 47. f5 exf5 48. gxf5 Kh5 49. fxg6 hxg6 50. Rf4 Rc3+ 51. Rf3 Rxf3+ 52. Kxf3 a5 53. Be7 b4 54. axb4 axb4 55. Bxb4 Kxh4 56. Bc3 Kg5 57. Ke4 Kg4 58. Kd5 Kf5 59. Kxc4 Ke6 60. Kd3 Kf5 61. Ke3 Ke6 62. Kf4 Ke7 63. Kg5 Ke6 64. Bb2 Ke7 65. Ba3+ Ke6 66. Bd6 1-0


[Site "https://www.chess.com"]

[Event "Titled Tuesday Blitz May 10 Early 2022"]
[White "Norowitz, Yaacov"]
[Black "Lohani, Sujana"]
[WhiteFideId "2024799"]
[BlackFideId "12311987"]
[WhiteElo "2412"]
[BlackElo "1691"]
[Result "1-0"]
[Round "10"]
[TimeControl "180+1"]
[Date "2022.05.11"]
[WhiteClock "0:02:57"]
[BlackClock "0:01:30"]

1. d4 Nf6 2. Nf3 e6 3. e3 b6 4. Bd3 Bb7 5. Nbd2 Be7 6. O-O d5 7. Ne5 O-O 8. f4 c5 9. c3 Nbd7 10. Qf3 cxd4 11. exd4 Rc8 12. g4 Nxe5 13. fxe5 Nd7 14. Qh3 g6 15. Qh6 f6 16. Bxg6 hxg6 17. Qxg6+ Kh8 18. Rf3 Rf7 19. Rh3+ 1-0


[Site "https://www.chess.com"]

[Event "Titled Tuesday Blitz May 10 Early 2022"]
[White "Oganian, Miran"]
[Black "Nogerbek, Kazybek"]
[WhiteFideId "4122488"]
[BlackFideId "13710427"]
[WhiteElo "2357"]
[BlackElo "2441"]
[Result "0-1"]
[Round "10"]
[TimeControl "180+1"]
[Date "2022.05.10"]
[WhiteClock "0:00:15"]
[BlackClock "0:01:09"]

1. e4 c5 2. Nf3 Nc6 3. c3 Nf6 4. e5 Nd5 5. d4 cxd4 6. cxd4 d6 7. Bc4 dxe5 8. Bxd5 Qxd5 9. Nc3 Qd6 10. d5 Nd4 11. Nxd4 exd4 12. Qxd4 e5 13. Qd3 Bd7 14. O-O Be7 15. Re1 O-O 16. b3 f5 17. a4 e4 18. Qd2 Qg6 19. Ba3 Bg5 20. Qe2 Rfe8 21. d6 Bc6 22. Qc4+ Kh8 23. Nd5 e3 24. f3 Rad8 25. Rad1 h6 26. Ne7 Bxe7 27. dxe7 Rxd1 28. Rxd1 Bxf3 29. Qf1 Bxd1 30. Qxd1 f4 31. h4 Qf7 32. Qd6 f3 33. gxf3 Qxf3 34. Qe5 e2 35. Bb4 Qg4+ 36. Kf2 Qxb4 37. Qf4 Qxf4+ 0-1


[Site "https://www.chess.com"]

[Event "Titled Tuesday Blitz May 10 Early 2022"]
[White "Omariev, Maksim"]
[Black "Petrova, Irina"]
[WhiteFideId "4193423"]
[BlackFideId "14124122"]
[WhiteElo "2492"]
[BlackElo "1993"]
[Result "1/2-1/2"]
[Round "10"]
[TimeControl "180+1"]
[Date "2022.05.11"]
[WhiteClock "0:00:05"]
[BlackClock "0:00:07"]

1. g4 d5 2. Bg2 c6 3. h3 e5 4. d4 e4 5. c4 h5 6. g5 h4 7. Nc3 Be7 8. cxd5 cxd5 9. Qb3 Bxg5 10. Qxd5 Bxc1 11. Rxc1 Nf6 12. Qxd8+ Kxd8 13. Nxe4 Nxe4 14. Bxe4 Nc6 15. Nf3 f6 16. Kf1 Bd7 17. Kg2 Ke7 18. Rc5 Rac8 19. Rhc1 g5 20. e3 Kd6 21. a3 b6 22. R5c3 Ne7 23. Nd2 Bb5 24. Bf3 Rxc3 25. Ne4+ Ke6 26. Nxc3 Bd7 27. Ne4 Rc8 28. Rxc8 Bxc8 29. b4 Ba6 30. Nc3 Bc4 31. e4 Kd6 32. Bg4 Ng6 33. Kf3 Nf4 34. Nd1 Be2+ 35. Ke3 Bxd1 36. Bxd1 Nxh3 37. Bg4 Nf4 38. Kf3 Nd3 39. Ke3 Nb2 40. Ke2 Nc4 41. a4 Nb2 42. a5 bxa5 43. bxa5 Nc4 44. a6 Nb6 45. Kd3 Na8 46. Ke3 Nc7 47. Bc8 Nb5 48. f4 gxf4+ 49. Kd3 f3 50. Bh3 Nc7 51. Bc8 f2 52. Ke2 Nb5 53. d5 Nc3+ 54. Kxf2 Nxe4+ 55. Kf3 Nc3 56. Bb7 Nxd5 57. Kg4 Nb4 58. Kxh4 Kc5 59. Kg4 Kb6 60. Kf5 Nxa6 61. Bc8 Nc7 62. Kxf6 a5 63. Ke5 Kc5 64. Ke4 Kb4 65. Kd3 a4 66. Kc2 a3 67. Kb1 Nb5 68. Be6 Nc3+ 69. Ka1 Ne2 70. Bg8 Nd4 71. Bh7 Nb3+ 72. Kb1 Kc3 73. Bg6 Nc5 74. Bh7 Nd3 75. Bxd3 Kxd3 76. Ka2 Kc3 77. Kxa3 1/2-1/2


[Site "https://www.chess.com"]